 Dungeon Crawl Stone Soup version 0.25.0-9-g26727b657a (webtiles) character file.

Game seed: 2331942739767608725

2452 protoss039 the Jinx (level 9, -6/48 HPs)
             Began as a Vampire Enchanter on June 20, 2020.
             Was a Believer of Sif Muna.
             Mangled by a killer bee (10 damage)
             ... on level 6 of the Dungeon.
             The game lasted 00:58:47 (11795 turns).

protoss039 the Jinx (Vampire Enchanter)            Turns: 11795, Time: 00:58:47

Health: -6/48      AC:  0    Str:  4 (7)  XL:     9   Next: 25%
Magic:  3/17       EV: 22    Int: 17 (20) God:    Sif Muna [**....]
Gold:   461        SH:  0    Dex: 15 (20) Spells: 7/19 levels left

rFire    . . .     SeeInvis +   (weapon currently unavailable)
rCold    + + .     Gourm    .   (shield currently unavailable)
rNeg     + + +     Faith    .   (armour currently unavailable)
rPois    ∞         Spirit   .   (helmet currently unavailable)
rElec    .         Reflect  .   (cloak currently unavailable)
rCorr    .         Harm     .   (gloves currently unavailable)
MR       .....                  (boots currently unavailable)
Stlth    ++++++....             (no amulet)
HPRegen  0.00/turn              (ring currently unavailable)
MPRegen  0.15/turn              (ring currently unavailable)

@: bat-form, stab, flying, very slightly contaminated, bloodless, very quick
A: tiny, no food, fangs 3, see invisible
a: Revivify, End Transformation, Channel Magic, Renounce Religion


You were on level 6 of the Dungeon.
You worshipped Sif Muna.
Sif Muna was pleased with you.
You were bloodless.
You were in vampire-bat-form.
You visited 1 branch of the dungeon, and saw 7 of its levels.

You collected 461 gold pieces.

Inventory:

Hand Weapons
 a - a +1 short sword of venom (melded)
 m - a +1 vampiric spear
 q - a +2 dagger of speed
Armour
 b - a +0 robe (melded)
 i - a scarf of repulsion
 j - a +0 pair of gloves (melded)
 k - a +0 pair of boots (melded)
 l - a +0 cloak (melded)
Jewellery
 g - an uncursed amulet of guardian spirit {unknown}
 x - an uncursed amulet of regeneration {unknown}
Wands
 h - a wand of disintegration (15)
 z - a wand of clouds (3)
Scrolls
 c - a scroll of amnesia {unknown}
 d - a scroll of blinking {unknown}
 e - a scroll of fear {unknown}
 f - a scroll of immolation
 p - 3 scrolls of identify {unknown}
 s - 2 scrolls of enchant armour {unknown}
 v - a scroll of noise {unknown}
 y - 2 scrolls of teleportation {unknown}
Potions
 n - a potion of haste {unknown}
 o - 2 potions of heal wounds {unknown}
 r - a potion of berserk rage {unknown}
 t - a potion of invisibility
 u - 2 potions of flight
 w - a potion of stabbing


   Skills:
 + Level 2.1 Fighting
 + Level 6.0 Short Blades
 + Level 4.4 Dodging
 + Level 7.9 Stealth
 + Level 5.9 Spellcasting
 + Level 10.9 Hexes
 + Level 0.1 Ice Magic


You had 7 spell levels left.
You knew the following spells:

 Your Spells              Type           Power        Failure   Level  Hunger
a - Corona                Hex            #####..      1%          1    N/A
b - Confusing Touch       Hex            #####...     1%          3    N/A
c - Tukima's Dance        Hex            #####...     1%          3    N/A
d - Ensorcelled Hibernat  Hex/Ice        ###...       1%          2    N/A
e - Dazzling Flash        Conj/Hex       ###...       4%          3    N/A

Your spell library contained the following spells:

 Spells                   Type           Power        Failure   Level  Hunger
 Animate Skeleton         Necr           N/A          13%         1    N/A
 Apportation              Tloc           #.....       13%         1    N/A
 Summon Small Mammal      Summ           #...         13%         1    N/A
 Ignite Poison            Fire/Tmut/Pois #.......     36%         3    N/A
 Fireball                 Conj/Fire      #.........   98%         5    N/A
 Starburst                Conj/Fire      #.........   100%        6    N/A
 Ring of Flames           Chrm/Fire      #.........   100%        7    N/A
 Ignition                 Fire           #.........   100%        8    N/A

Dungeon Overview and Level Annotations

Branches:
Dungeon (7/15)             Temple (0/1) D:6

Altars:
Gozag
Makhleb
Nemelex Xobeh
Qazlal
Sif Muna
Vehumet
Wu Jian
Yredelemnul
The Shining One

Annotations:
D:6 2 exclusions


Innate Abilities, Weirdness & Mutations

You do not eat.
You do not regenerate when monsters are visible.
You are frail without blood (-20% HP).
You can heal yourself when you bite living creatures.
You are immune to poison.
You have razor-sharp teeth.
You have supernaturally acute eyesight. (SInv)
((You can survive without breathing.))


Message History

Your +0 pair of boots melds into your body.
Your +0 robe melds into your body.
Your +1 short sword of venom stops dripping with poison.
You feel weakened.
You feel dopey.
You feel clumsy.
The killer bee stops glowing.
The killer bee misses you. The killer bee completely misses you.
Unknown command.
The orc wizard casts a spell.
The orc wizard flickers and vanishes for a moment.
The killer bee closely misses you. The killer bee stings you!
* * * LOW HITPOINT WARNING * * *
Okay, then.
It was a potion of flight.
You feel more buoyant. The killer bee completely misses you.
The killer bee misses you.
It was a potion of stabbing.
You feel ready to backstab. The killer bee stings you!
You die...

#.# #....._.....#......# #%. #Y#
###.......#...##.#.# ### ###.#
#.8...8.###.##.#.# #...#
##.....####......##### #.⌠.#
######.###...###.##.....
##...#####............###.##.#..#
..........................#####.#
[..>..⌠..#............###.#......
).......######..b.....# #.#.###..
##.)[#########...y##### #.#.#...#
#.⌠.# #............# #.#.#....
##...## #....####....###......_.
..[)..####....# #..5o.####..#...
###.#.........####.....####..##..
...)#.####.###.#.####.o..##.....#
#####.####.# ##.#.# #.##.##......
# #.##...# #.#.## #.##.######.#


You could see a killer bee, an orc wizard (invisible), a crimson imp and an orc.

Vanquished Creatures
  A yak (D:6)
  A hungry ghost (D:6)
  A phantom (D:4)
  A sky beast (D:6)
  2 bullfrogs
  A gnoll sergeant (D:4)
  2 scorpions
  2 killer bees (D:6)
  3 crimson imps
  An orc priest (D:3)
  3 gnoll shamans
  5 orc wizards
  3 bullfrog skeletons
  Jessica (D:3)
  4 iguanas
  Ijyb (D:4)
  Natasha (twice) (D:2)
  2 worker ants
  A worker ant zombie (D:6)
  31 gnolls
  9 adders
  A shadow imp (D:6)
  An ooze (D:3)
  An adder skeleton (D:4)
  An adder zombie (D:7)
  A dart slug (D:1)
  6 leopard geckos
  31 orcs
  3 ball pythons
  7 bats
  7 giant cockroaches
  5 goblins
  9 hobgoblins
  20 jackals
  6 kobolds
  3 quokkas
  5 frilled lizards
  A leopard gecko skeleton (D:4)
  A leopard gecko zombie (D:6)
  A quokka skeleton (D:3)
  A quokka zombie (D:5)
  8 rats
196 creatures vanquished.

Vanquished Creatures (collateral kills)
  2 ogres
  Blork the orc (D:5)
  3 wights (D:6)
  A bullfrog zombie (D:6)
  2 orc priests (D:5)
  2 orc wizards
  17 gnolls
  12 orcs
  A jackal (D:4)
41 creatures vanquished.

Vanquished Creatures (others)
  11 dancing weapons
11 creatures vanquished.

Grand Total: 248 creatures vanquished

Notes
Turn   | Place    | Note
-------+----------+-------------------------------------------
     0 | D:1      | protoss039 the Vampire Enchanter began the quest for the
                  | Orb.
     0 | D:1      | Reached XP level 1. HP: 13/13 MP: 3/3
   447 | D:1      | Reached XP level 2. HP: 19/19 MP: 5/5
   621 | D:1      | Reached skill level 5 in Stealth
  1315 | D:2      | Reached skill level 5 in Hexes
  1315 | D:2      | Reached XP level 3. HP: 5/24 MP: 4/6
  1583 | D:2      | Noticed Natasha
  1592 | D:2      | Killed Natasha
  1592 | D:2      | Reached XP level 4. HP: 27/30 MP: 7/7
  1614 | D:2      | Learned a level 3 spell: Confusing Touch
  1618 | D:2      | Learned a level 3 spell: Tukima's Dance
  1889 | D:2      | Noticed Natasha
  1901 | D:2      | Killed Natasha
  2020 | D:3      | Reached XP level 5. HP: 26/36 MP: 1/8
  2150 | D:3      | Found a sparkling altar of Nemelex Xobeh.
  2150 | D:3      | Noticed Jessica
  2158 | D:3      | Killed Jessica
  2315 | D:3      | Found a radiant altar of Vehumet.
  2569 | D:3      | Reached skill level 6 in Hexes
  2573 | D:3      | Learned a level 2 spell: Ensorcelled Hibernation
  2616 | D:3      | Reached XP level 6. HP: 33/42 MP: 7/10
  2665 | D:3      | Reached skill level 1 in Fighting
  3667 | D:4      | Noticed Ijyb
  3979 | D:4      | Found a stormy altar of Qazlal.
  4030 | D:4      | Reached XP level 7. HP: 38/38 MP: 12/12
  4378 | D:4      | Killed Ijyb
  5234 | D:4      | Reached skill level 7 in Hexes
  7394 | D:4      | Reached XP level 8. HP: 44/44 MP: 9/14
  7469 | D:4      | Reached skill level 8 in Hexes
  7661 | D:5      | Entered Level 5 of the Dungeon
  7737 | D:5      | Found a shimmering blue altar of Sif Muna.
  7742 | D:5      | Became a worshipper of Sif Muna the Loreminder
  7751 | D:5      | Found a basalt altar of Yredelemnul.
  7850 | D:5      | Reached skill level 5 in Short Blades
  7984 | D:5      | Reached skill level 5 in Spellcasting
  8237 | D:5      | Reached skill level 9 in Hexes
  8642 | D:5      | Reached * piety under Sif Muna
  8707 | D:5      | Found an ornate altar of the Wu Jian Council.
  8770 | D:5      | Found a glowing golden altar of the Shining One.
  8858 | D:5      | Noticed Blork the orc
  8865 | D:5      | Killed Blork the orc
  9747 | D:6      | Found a staircase to the Ecumenical Temple.
  9824 | D:6      | Reached skill level 10 in Hexes
 10134 | D:6      | Found an opulent altar of Gozag.
 10173 | D:6      | Found a burning altar of Makhleb.
 10621 | D:6      | Reached XP level 9. HP: 37/48 MP: 14/17
 11488 | D:7      | Reached ** piety under Sif Muna
 11768 | D:6      | Learned a level 3 spell: Dazzling Flash
 11795 | D:6      | Mangled by a killer bee

Illustrated notes

Levels and vault maps discovered:
D:1:      grunt_arrival_lava_bath, layout_basic
D:2:      layout_basic, first_ration, uniq_natasha
D:3:      layout_loops_ring, nicolae_overflow_hidden_temple, serial_glass,
          glass_columns_b, glass_columns_a, glass_columns_b, glass_columns_a,
          nemelex_lonely_heart_becter
D:4:      lemuel_castle_with_subvaults [lemuel_castle_interior_original],
          layout_cave_pools, chequers_serial_rivers_small_b,
          grunt_qazlal_sundering, uniq_ijyb
D:5:      layout_rooms, tso_oasis_becter, kennysheep_mini_moat,
          amethyst_overflow_temple_binary, uniq_blork_the_orc
D:6:      layout_loops_cross, nicolae_overflow_crystal_walls,
          minmay_temple_entry_junction, minivault_24, grunt_gozag_statues
D:7:      layout_cave_pools

Skill      XL: |  1  2  3  4  5  6  7  8  9 |
---------------+----------------------------+-----
Stealth        | 5 6 7 |  7.9
Hexes          | 5 6 7 10 | 10.9
Short Blades   | 2 3 4 5 6 |  6.0
Spellcasting   | 3 4 5 |  5.9
Fighting       | 1 2 |  2.1
Dodging        | 3 4 |  4.4
Ice Magic      | |  0.1

Action                   |  1- 3 |  4- 6 |  7- 9 || total
-------------------------+-------+-------+-------++-------
Melee: Short sword       |    58 |   219 |   427 ||   704
       Bite              |     3 |    24 |    33 ||    60
       Dagger            |    13 |       |       ||    13
 Cast: Corona            |     7 |    53 |    96 ||   156
       Confusing Touch   |       |     7 |    10 ||    17
       Ensorcelled Hiber |       |     1 |    11 ||    12
       Tukima's Dance    |       |     6 |    83 ||    89
       Dazzling Flash    |       |       |     1 ||     1
 Abil: Exsanguinate      |       |     1 |       ||     1
       Bat Form          |       |       |     4 ||     4
       End Transformatio |       |       |     3 ||     3
Evoke: Wand              |       |       |     1 ||     1
  Use: Potion            |     1 |       |     5 ||     6
       Scroll            |       |     1 |     2 ||     3
 Stab: Sleeping          |     7 |     8 |    13 ||    28
       Confused          |       |     6 |     4 ||    10
Armor: Robe              |    17 |    48 |    96 ||   161
Dodge: Dodged            |    56 |   137 |   355 ||   548
